 Dungeon Crawl Stone Soup version 0.25.0-1-g7eea58d2a3 (webtiles) character file.

Game seed: 806799906593983729

9 DeadF the Sneak (level 2, 0/11 HPs)
             Began as a Felid Enchanter on June 14, 2020.
             Slain by a hobgoblin
             ... wielding a +0 club
              (4 damage)
             ... on level 1 of the Dungeon.
             The game lasted 00:00:48 (228 turns).

DeadF the Sneak (Felid Enchanter)                    Turns: 228, Time: 00:00:48

Health: 0/11       AC:  1    Str:  4    XL:     2   Next: 6%
Magic:  6/6        EV: 18    Int: 16    God:
Gold:   18         SH:  0    Dex: 16    Spells: 4/5 levels left
                                        Lives:  0   Deaths: 0

rFire    . . .     SeeInvis +     - Unarmed
rCold    . . .     Gourm    .   (shield unavailable)
rNeg     . . .     Faith    .   (armour unavailable)
rPois    .         Spirit   .   (helmet unavailable)
rElec    .         Reflect  .   (cloak unavailable)
rCorr    .         Harm     .   (gloves unavailable)
MR       .....                  (boots unavailable)
Stlth    +++.......             (no amulet)
HPRegen  0.03/turn              (no ring)
MPRegen  0.10/turn              (no ring)

@: quick
A: very small, no armour, no weapons or thrown items, stealth, claws 1, fangs 3,
see invisible, carnivore, speed 1, shaggy fur 1, slow metabolism 1, sharp paws
a: no special abilities


You were on level 1 of the Dungeon.
You were completely stuffed.

You visited 1 branch of the dungeon, and saw 1 of its levels.

You collected 18 gold pieces.

Inventory:

Jewellery
 c - a cursed -4 ring of strength {unknown}
Potions
 a - 2 potions of heal wounds {unknown}
Comestibles
 b - a ration


   Skills:
 + Level 3.3 Dodging
 + Level 4.5 Stealth
 - Level 1.0 Unarmed Combat
 - Level 2.0 Spellcasting
 - Level 4.4 Hexes


You had 4 spell levels left.
You knew the following spells:

 Your Spells              Type           Power        Failure   Level  Hunger
a - Corona                Hex            ###....      3%          1    #......

Your spell library contained the following spells:

 Spells                   Type           Power        Failure   Level  Hunger
 Confusing Touch          Hex            ###.....     11%         3    ###....
 Tukima's Dance           Hex            ###.....     11%         3    ###....
 Ensorcelled Hibernation  Hex/Ice        #.....       13%         2    ###....
 Dazzling Flash           Conj/Hex       #.....       26%         3    ###....


Dungeon Overview and Level Annotations

Branches:
Dungeon (1/15)

Altars:


Innate Abilities, Weirdness & Mutations

You cannot wear armour.
You are incapable of wielding weapons or throwing items.
Your paws allow you to move quietly. (Stealth)
You have sharp claws.
You have razor-sharp teeth.
You have supernaturally acute eyesight. (SInv)
You are carnivorous and can eat meat at any time.
You cover ground quickly.
You are covered in fur. (AC +1)
You have a slow metabolism.
Your sharp claws are effective at attacking unaware monsters.


Message History

You closely miss the giant cockroach.
The giant cockroach is almost dead.
The giant cockroach barely misses you.
You scratch the giant cockroach.
You kill the giant cockroach!
You completely miss the kobold. The kobold misses you.
You scratch the kobold but do no damage.
The kobold hits you with a +0 short sword.
* * * LOW HITPOINT WARNING * * *
You scratch the kobold.
The kobold is moderately wounded.
The kobold closely misses you.
You barely miss the kobold.
The kobold is moderately wounded.
The kobold misses you.
You see here a bat skeleton.
You see here a spear.
You scratch the kobold but do no damage.
The kobold barely misses you. The hobgoblin hits you with a +0 club.
You die...

.............#
............########
...........## #....#
#####.###### #....#
#.# #....# #.#
#.)..# #.# #....# .
#.# #....# #.. #.#
#K@..# #..#.#####
#g...# #....[..#
##..##
###.###.#####...#
#.##..รท...#..##
#.##......#..#
#.##.........#
#.##.......#.#
#.##.......#g#


You could see a hobgoblin and a kobold.

Vanquished Creatures
  2 giant cockroaches (D:1)
  2 hobgoblins (D:1)
  3 bats (D:1)
  2 rats (D:1)
9 creatures vanquished.

Notes
Turn   | Place    | Note
-------+----------+-------------------------------------------
     0 | D:1      | DeadF the Felid Enchanter began the quest for the Orb.
     0 | D:1      | Reached XP level 1. HP: 7/7 MP: 4/4
   154 | D:1      | Reached XP level 2. HP: 11/11 MP: 6/6
   228 | D:1      | Slain by a hobgoblin

Illustrated notes

Levels and vault maps discovered:
D:1:      psy_arrival_statuary, layout_rooms, minmay_small_reverse_x

Skill      XL: |  1 |
---------------+----+-----
Dodging        | 3 |  3.3
Stealth        | |  4.5
Unarmed Combat | |  1.0
Spellcasting   | |  2.0
Hexes          | |  4.4

Action                   || total
-------------------------++-------
Melee: Unarmed           ||    47
       Bite              ||     2
 Cast: Corona            ||     1
 Stab: Sleeping          ||     4
  Eat: Chunk             ||     6
Armor: Skin              ||     2
Dodge: Dodged            ||    45
